 Dungeon Crawl Stone Soup version 0.24-a0-48-g0ecae65 (webtiles) character file.

Game seed: 15606099994516742425

17142 ohad the Severer (level 12, -2/103 HPs)
             Began as a Hill Orc Gladiator on Feb 3, 2019.
             Was an Elder of Makhleb.
             Killed from afar by a smoke demon (3 damage)
             ... with a ball of steam
             ... in a Gauntlet.
             The game lasted 00:38:43 (15663 turns).

ohad the Severer (Hill Orc Gladiator)              Turns: 15663, Time: 00:38:44

Health: -2/103     AC: 18    Str: 24    XL:     12   Next: 44%
Magic:  17/17      EV: 13    Int: 11    God:    Makhleb [****..]
Gold:   467        SH:  0    Dex: 16    Spells: 11/11 levels left

rFire    . . .     SeeInvis .   a - +0 war axe
rCold    . . .     Gourm    .   (no shield)
rNeg     . . .     Faith    .   d - +1 chain mail {MR+}
rPois    .         Spirit   .   b - +1 helmet {Int+3}
rElec    .         Reflect  .   A - +0 cloak {MR+}
rCorr    .         Harm     .   (no gloves)
MR       ++...     NoTele   +   t - +0 pair of boots
Stlth    ..........             (no amulet)
HPRegen  0.27/turn              F - +3 ring of strength
MPRegen  0.15/turn              Z - +3 ring of strength

@: no status effects
A: no striking features
a: Minor Destruction, Lesser Servant of Makhleb, Major Destruction, Renounce
Religion


You were in a Gauntlet.
You worshipped Makhleb.
Makhleb was greatly pleased with you.
You were not hungry.

You visited 3 branches of the dungeon, and saw 14 of its levels.
You also visited: Gauntlet.

You collected 745 gold pieces.
You spent 278 gold pieces at shops.

Inventory:

Hand Weapons
 a - a +0 war axe (weapon)
 L - a +2 hand axe of holy wrath
 T - a +2 whip of pain
Missiles
 k - 3 poisoned javelins
 r - 137 bolts
 B - 3 javelins
 H - 3 curare-tipped needles
 M - 5 throwing nets (quivered)
Armour
 b - a +1 helmet of intelligence (worn)
 c - a +0 helmet
 d - a +1 chain mail of magic resistance (worn)
 t - a +0 pair of boots (worn)
 v - a +0 plate armour
 A - a +0 cloak of magic resistance (worn)
Jewellery
 e - an uncursed ring of fire
 p - an uncursed ring of poison resistance
 z - an uncursed ring of see invisible
 F - a +3 ring of strength (left hand)
 I - an uncursed ring of protection from cold
 S - an uncursed ring of protection from fire
 Z - a +3 ring of strength (right hand)
Wands
 x - a wand of flame (38)
 G - a wand of disintegration (15)
 Q - a wand of polymorph (10)
 R - a wand of paralysis (10)
Scrolls
 g - 5 scrolls of amnesia {unknown}
 j - 6 scrolls of teleportation
 m - a scroll of remove curse
 o - 4 scrolls of blinking
 q - 3 scrolls of enchant weapon
 u - 4 scrolls of enchant armour
 y - 3 scrolls of fog {unknown}
 J - 4 scrolls of immolation
 N - a scroll of noise {unknown}
 O - 2 scrolls of fear
 W - a scroll of holy word
Potions
 h - a potion of magic
 i - 3 potions of cancellation
 l - 6 potions of curing
 n - 3 potions of lignification
 s - a potion of resistance
 w - 4 potions of flight
 C - 3 potions of agility {unknown}
Comestibles
 f - 22 rations


   Skills:
 - Level 8.3 Fighting
 - Level 16.0 Axes
 - Level 1.7 Throwing
 + Level 11.1 Armour
 + Level 7.1 Dodging
 - Level 7.1 Invocations


You had 11 spell levels left.
You didn't know any spells.
Your spell library contained the following spells:

 Spells                   Type           Power        Failure   Level  Hunger
 Animate Skeleton         Necr           N/A          87%         1    ##.....
 Confusing Touch          Hex            #.....       87%         1    ##.....
 Pain                     Necr           #...         87%         1    ##.....
 Confuse                  Hex            #.......     99%         3    ####...
 Gell's Gravitas          Tloc           #.........   99%         3    ####...
 Regeneration             Chrm/Necr      #.........   99%         3    ####...
 Vampiric Draining        Necr           #.........   99%         3    ####...
 Animate Dead             Necr           N/A          100%        4    #####..
 Petrify                  Tmut/Erth      #.......     100%        4    #####..
 Metabolic Englaciation   Hex/Ice        #.........   100%        5    ######.
 Yara's Violent Unravell  Hex/Tmut       #.........   100%        5    ######.


Dungeon Overview and Level Annotations

Branches:
Dungeon (11/15)            Temple (1/1) D:5            Lair (2/6) D:8
    Orc (0/2) D:9
  Swamp: Lair:2-4    Shoals: Lair:2-4     Snake: Lair:2-4    Spider: Lair:2-4

Altars:
Ashenzari
Cheibriados
Dithmenos
Fedhas
Gozag
Hepliaklqana
Makhleb
Nemelex Xobeh
Qazlal
Ru
Trog
Uskayaw
Vehumet
Xom
Zin

Shops:
D:7 ?

Annotations:
D:3 3 runed translucent doors, Voker57's ghost, amateur DsGl
Lair:1 1 runed translucent door, Hebulueff's ghost, novice MiFi Gauntlet 2 transporters, 17 runed translucent doors


Message History

Your hellwing closely misses the red devil.
Your hellwing hits the red devil.
Your smoke demon hits the smoke demon. x2
Your smoke demon hits the smoke demon but does no damage.
Your smoke demon hits the red devil but does no damage. x2
Your smoke demon misses the red devil.
A demon appears!
The smoke demon hits you but does no damage. x2
The smoke demon barely misses you.
The red devil hits you but does no damage.
Your hellwing hits the red devil but does no damage. x2
Your smoke demon hits the red devil but does no damage.
Your smoke demon barely misses the red devil. x2
Your hellwing is engulfed in a cloud of scalding steam.
The smoke demon gestures at you. Something smites you!
* * * LOW HITPOINT WARNING * * *
Unknown command.
The smoke demon gestures at you. The ball of steam hits you.
You die...

..©"!..#...#....©... .
...##.#...#..##.##. ..#
###.#.#####.#..#..#
..#..##.##..#...#.#..#..#
..#....©....#©.©#.^#####^
..#..##.##.4#...#.#.©#..# ..#
#.###3#4#####.#.^#^.#
.#...#.##..3##3#...#..##.##.
..#...#.....@§§.#...#........
###...###########...#########
.......................#.©.#.
....8.............8....#...#.
.......................#.©.#.
###...###########...#########
.s#...#.....##©##...#..+..+.)
.#^^.#...#..###.##.#...#..+..+..
#....#...#.##.##.#.#####++#++##.


You could see a friendly smoke demon and a friendly ynoxinul.

Vanquished Creatures
  Erolcha (D:11)
  Harold (D:8)
  A two-headed ogre (D:8)
  An ugly thing (D:11)
  An oklob plant (Lair:1)
  A worldbinder (Gauntlet)
  A black mamba (Lair:1)
  Joseph (Lair:1)
  A smoke demon (Gauntlet)
  A centaur skeleton (D:8)
  A gargoyle (D:11)
  A red devil (Gauntlet)
  A troll (D:11)
  A hornet (D:9)
  Grinder (D:5)
  A hippogriff (D:10)
  2 slime creatures (Gauntlet)
  11 yaks
  A basilisk (D:8)
  A hungry ghost (D:9)
  Eustachio (D:5)
  Menkaure (D:5)
  4 water moccasins
  5 porcupines
  4 ice beasts
  7 orc warriors
  5 sky beasts
  4 phantoms
  4 centaurs
  A boggart (Gauntlet)
  8 ogres
  6 crocodiles
  3 big kobolds
  Blork the orc (D:6)
  7 bullfrogs
  2 gnoll sergeants
  3 wyvern skeletons
  5 scorpions
  17 killer bees
  3 wights (D:11)
  A howler monkey (D:6)
  9 crimson imps
  A quasit (D:11)
  2 centaur zombies
  A bullfrog skeleton (D:6)
  8 orc priests
  3 hounds
  7 jellies
  9 orc wizards
  An iron imp (D:6)
  8 iguanas
  10 worker ants
  A hound skeleton (D:10)
  11 gnolls
  17 adders
  2 shadow imps
  An adder zombie (D:7)
  2 adder skeletons
  A worm (D:2)
  11 leopard geckos
  44 orcs
  5 giant cockroaches
  10 goblins
  10 hobgoblins
  9 jackals
  20 kobolds
  8 quokkas
  A ball python (D:6)
  4 bats
  5 frilled lizards
  A jackal zombie (D:5)
  12 rats
  A fungus (Lair:1)
358 creatures vanquished.

Vanquished Creatures (collateral kills)
  An ugly thing (D:11)
  A yak (D:11)
2 creatures vanquished.

Vanquished Creatures (others)
  2 fungi (Lair:1)
  5 plants (Lair:1)
7 creatures vanquished.

Grand Total: 367 creatures vanquished

Notes
Turn   | Place    | Note
-------+----------+-------------------------------------------
     0 | D:1      | ohad the Hill Orc Gladiator began the quest for the Orb.
     0 | D:1      | Reached XP level 1. HP: 18/18 MP: 1/1
    37 | D:1      | Reached XP level 2. HP: 22/25 MP: 2/2
   237 | D:1      | Reached skill level 5 in Axes
   474 | D:1      | Reached XP level 3. HP: 27/30 MP: 3/3
   879 | D:2      | Found a hide-covered altar of Uskayaw.
   880 | D:2      | Found a sacrificial altar of Ru.
  1008 | D:2      | Reached skill level 6 in Axes
  1498 | D:3      | Found a glowing silver altar of Zin.
  1513 | D:3      | Reached XP level 4. HP: 34/37 MP: 4/4
  1931 | D:3      | Reached skill level 7 in Axes
  1964 | D:3      | Found a runed translucent gate.
  1964 | D:3      | Found a runed translucent gate.
  1966 | D:3      | Found a runed translucent gate.
  1969 | D:3      | Noticed Voker57's ghost (amateur DsGl)
  2069 | D:3      | Reached XP level 5. HP: 34/42 MP: 5/5
  2712 | D:4      | Reached skill level 1 in Armour
  2986 | D:4      | Reached XP level 6. HP: 42/50 MP: 6/6
  3447 | D:4      | Reached skill level 8 in Axes
  3802 | D:4      | Reached XP level 7. HP: 56/56 MP: 7/7
  3994 | D:5      | Entered Level 5 of the Dungeon
  4021 | D:5      | Reached skill level 9 in Axes
  4464 | D:5      | Noticed Eustachio
  4466 | D:5      | Found a staircase to the Ecumenical Temple.
  4475 | Temple   | Entered the Ecumenical Temple
  4482 | Temple   | Reached skill level 10 in Axes
  4490 | Temple   | Became a worshipper of Makhleb the Destroyer
  4553 | D:5      | Killed Eustachio
  4819 | D:5      | Found a radiant altar of Vehumet.
  4868 | D:5      | Reached XP level 8. HP: 62/62 MP: 8/8
  4921 | D:5      | Reached skill level 11 in Axes
  5213 | D:5      | Reached skill level 12 in Axes
  5595 | D:5      | Noticed Menkaure
  5602 | D:5      | Killed Menkaure
  5614 | D:5      | Reached skill level 13 in Axes
  6108 | D:6      | Noticed Grinder
  6127 | D:5      | Killed Grinder
  6127 | D:5      | Reached XP level 9. HP: 48/68 MP: 9/9
  6241 | D:6      | Reached skill level 14 in Axes
  6269 | D:6      | Noticed Blork the orc
  6280 | D:6      | Killed Blork the orc
  6435 | D:6      | Found a snail-covered altar of Cheibriados.
  6482 | D:6      | Reached * piety under Makhleb
  7062 | D:6      | Found an opulent altar of Gozag.
  7074 | D:6      | Reached skill level 15 in Axes
  7571 | D:6      | Found a stormy altar of Qazlal.
  8109 | D:7      | Found a shadowy altar of Dithmenos.
  8184 | D:7      | Reached skill level 16 in Axes
  8417 | D:7      | Reached skill level 5 in Armour
  8417 | D:7      | Reached XP level 10. HP: 46/74 MP: 10/10
  8744 | D:7      | Found Iqulydal's Magic Scroll Emporium.
  8766 | D:7      | Bought a scroll of enchant armour for 97 gold pieces
  8766 | D:7      | Bought a scroll of blinking for 97 gold pieces
  8766 | D:7      | Bought a scroll of teleportation for 39 gold pieces
  8766 | D:7      | Bought a scroll of fear for 45 gold pieces
  8771 | D:7      | Found a blossoming altar of Fedhas.
  8790 | D:7      | Found a hazy altar of Hepliaklqana.
  8798 | D:7      | Found a bloodstained altar of Trog.
  8803 | D:7      | Reached ** piety under Makhleb
  9238 | D:8      | Reached skill level 5 in Fighting
  9277 | D:8      | You fall through a shaft for 3 floors!
  9323 | D:11     | Noticed a gargoyle
  9361 | D:11     | Reached *** piety under Makhleb
  9377 | D:11     | Killed a gargoyle
  9380 | D:10     | Entered Level 10 of the Dungeon
  9801 | D:11     | Reached XP level 11. HP: 95/95 MP: 11/11
 10197 | D:11     | Reached skill level 5 in Dodging
 10908 | D:8      | Noticed a two-headed ogre
 10917 | D:8      | Killed a two-headed ogre
 10925 | D:8      | Reached **** piety under Makhleb
 11020 | D:8      | Found a staircase to the Lair.
 11459 | D:8      | Found a stormy altar of Qazlal.
 11471 | D:8      | Noticed Harold
 11480 | D:8      | Reached skill level 1 in Invocations
 11493 | D:8      | Killed Harold
 11759 | D:9      | Found a staircase to the Orcish Mines.
 11798 | D:9      | Found a sparkling altar of Nemelex Xobeh.
 11881 | D:9      | Reached skill level 5 in Invocations
 12962 | D:11     | Noticed a purple ugly thing
 12983 | D:11     | Killed a purple ugly thing
 13034 | D:11     | Noticed a white ugly thing
 13057 | D:11     | Killed a white ugly thing
 13424 | D:11     | Reached XP level 12. HP: 84/103 MP: 17/17
 13769 | D:11     | Noticed Erolcha
 13783 | D:11     | Killed Erolcha
 14144 | Lair:1   | Entered Level 1 of the Lair of Beasts
 14730 | Lair:1   | Noticed Joseph
 14732 | Lair:1   | Found a runed translucent door.
 14732 | Lair:1   | Noticed a spriggan rider
 14734 | Lair:1   | Identified the +5 trident "Kobaj" {freeze, rF+ MR+ Stlth+}
 14743 | Lair:1   | Killed Joseph
 14743 | Lair:1   | Reached skill level 10 in Armour
 14780 | Lair:1   | Noticed Hebulueff's ghost (novice MiFi)
 15258 | Lair:2   | Found a gate leading to a gauntlet.
 15284 | Gauntlet | Entered a Gauntlet
 15284 | Gauntlet | Found a transporter.
 15284 | Gauntlet | Found a transporter.
 15286 | Gauntlet | Noticed an entropy weaver
 15336 | Gauntlet | Found a transporter.
 15338 | Gauntlet | Found a transporter.
 15340 | Gauntlet | Found a large runed translucent door.
 15340 | Gauntlet | Found a large runed translucent door.
 15341 | Gauntlet | Found a large runed translucent door.
 15341 | Gauntlet | Found a large runed translucent door.
 15520 | Gauntlet | Found a runed translucent door.
 15520 | Gauntlet | Found a runed translucent door.
 15520 | Gauntlet | Found a large runed translucent door.
 15520 | Gauntlet | Found a large runed translucent door.
 15520 | Gauntlet | Found a large runed translucent door.
 15520 | Gauntlet | Found a large runed translucent door.
 15520 | Gauntlet | Found a large runed translucent door.
 15520 | Gauntlet | Found a large runed translucent door.
 15521 | Gauntlet | Found a large runed translucent door.
 15521 | Gauntlet | Found a large runed translucent door.
 15522 | Gauntlet | Found a large runed translucent door.
 15522 | Gauntlet | Found a large runed translucent door.
 15522 | Gauntlet | Found a large runed translucent door.
 15522 | Gauntlet | Found a large runed translucent door.
 15523 | Gauntlet | Found a runed translucent gate.
 15523 | Gauntlet | Found a runed translucent gate.
 15523 | Gauntlet | Found a runed translucent gate.
 15524 | Gauntlet | Found a transporter.
 15525 | Gauntlet | Found a transporter.
 15588 | Gauntlet | Found a transporter.
 15590 | Gauntlet | Found a transporter.
 15636 | Gauntlet | Found a transporter.
 15662 | Gauntlet | HP: 1/103 [smoke demon/divine providence (16)]
 15663 | Gauntlet | Killed from afar by a smoke demon

Vault maps used:
D:1:      saegor_arrival_simple_a, minmay_tromino_i2
D:2:      gammafunk_temple_overflow_statue
D:3:      wad_crossroads, old_standard_altar, gammafunk_ghost_necromancy,
          minmay_randomly_rotated_circles
D:4:      first_ration
D:5:      lemuel_crystal_altar, minmay_temple_entry_mist, grunt_decor_fettered,
          uniq_menkaure, uniq_eustachio
D:6:      lemuel_crystal_altar, slow_altar_1, mrwooster_statue_mirror,
          nicolae_qazlal_eye_of_the_storm, uniq_blork_the_orc, uniq_grinder
D:7:      nicolae_overflow_hidden_temple,
          nicolae_dithmenos_through_a_glass_darkly, serial_shops,
          nicolae_shop_crystal, eino_jars
D:8:      minmay_lair_entry_grove, basic_altar, roderic_nine_men_s_morris,
          uniq_harold
D:9:      nemelex_xobeh_ov_fountains_minmay, david_orc_3, special_room
D:11:     uniq_erolcha
Temple:   compressed_dpeg_circular_temple
Lair:1:   ebering_ghost_funeral_grove, minmay_lair_oklob_chamber,
          lemuel_fruit_fields, uniq_joseph
Lair:2:   minmay_snake_entry_six_corridors, gauntlet_entry_generic,
          uniq_gastronok
Gauntlet: gammafunk_gauntlet_shortcut

Skill      XL: |  1  2  3  4  5  6  7  8  9 10 11 12 |
---------------+-------------------------------------+-----
Axes           | 5 6 7 8 10 13 16 | 16.0
Armour         | 3 4 5 7 8 11 | 11.1
Fighting       | 8 |  8.3
Dodging        | 3 6 7 |  7.1
Invocations    | 7 |  7.1
Throwing       | |  1.7

Action                   |  1- 3 |  4- 6 |  7- 9 | 10-12 || total
-------------------------+-------+-------+-------+-------++-------
Melee: War axe           |   120 |   196 |   445 |   946 ||  1707
Throw: Throwing net      |       |       |     4 |       ||     4
Invok: Lesser Servant of |       |       |       |     4 ||     4
  Use: Scroll            |     5 |     2 |     6 |     6 ||    19
       Potion            |       |       |     3 |     3 ||     6
 Stab: Held in net/web   |       |       |     1 |       ||     1
  Eat: Chunk             |     2 |     8 |    11 |    22 ||    43
       Ration            |       |       |     1 |     2 ||     3
Armor: Leather armour    |     1 |       |       |       ||     1
       Ring mail         |    45 |    52 |       |       ||    97
       Plate armour      |       |    38 |       |       ||    38
       Chain mail        |       |     8 |   220 |   328 ||   556
Dodge: Dodged            |    85 |    89 |   203 |   397 ||   774

Table legend:
 A = Non-vault XP
 B = Vault XP
 C = Vault XP percentage of total XP
 D = Non-vault monster count
 E = Vault monster count
 F = Vault count percentage of total count
                 A         B        C        D         E       F
            +---------+---------+-------+---------+---------+-------
      Total |   15141 |    9348 |  38.2 |     276 |      83 |  23.1
            +---------+---------+-------+---------+---------+-------
        D:1 |      31 |       3 |   8.8 |      17 |       2 |  10.5
        D:2 |      33 |       0 |   0.0 |      16 |       0 |   0.0
        D:3 |     141 |      36 |  20.3 |      27 |      10 |  27.0
        D:4 |     385 |       0 |   0.0 |      13 |       0 |   0.0
        D:5 |    1168 |     658 |  36.0 |      28 |       3 |   9.7
        D:6 |    1030 |     133 |  11.4 |      26 |       2 |   7.1
        D:7 |    1131 |     491 |  30.3 |      24 |       8 |  25.0
        D:8 |    2175 |    2777 |  56.1 |      21 |      14 |  40.0
        D:9 |    1346 |     218 |  13.9 |      22 |      21 |  48.8
       D:10 |    1200 |     419 |  25.9 |      16 |       8 |  33.3
       D:11 |    5349 |     997 |  15.7 |      55 |       1 |   1.8
     Temple |      35 |       0 |   0.0 |       2 |       0 |   0.0
     Lair:1 |    1117 |    1504 |  57.4 |       9 |       3 |  25.0
   Gauntlet |       0 |    2112 | 100.0 |       0 |      11 | 100.0
            +---------+---------+-------+---------+---------+-------
